 Dungeon Crawl Stone Soup version 0.28.0-53-g5a82cb258f (webtiles) character file.

Game seed: 13128901030976446849

7 thriggle the Vexing (level 2, 0/20 HPs)
             Began as a Barachi Enchanter on June 10, 2022.
             Frozen to death by an endoplasm (3 damage)
             ... on level 1 of the Dungeon.
             The game lasted 00:01:06 (161 turns).

thriggle the Vexing (Barachi Enchanter)              Turns: 161, Time: 00:01:06

Health: 0/20       AC:  2    Str:  7 (9)  XL:     2   Next: 0%
Magic:  5/5        EV: 12    Int: 13 (15) God:
Gold:   9          SH:  0    Dex:  9 (12) Spells: 5/5 levels left

rFire   . . .      SeeInvis .   a - +1 dagger
rCold   . . .      Faith    .   (no shield)
rNeg    . . .      Spirit   .   b - +0 robe
rPois   .          Reflect  .   (no helmet)
rElec   .          Harm     .   (no cloak)
rCorr   .          Rampage  .   (no gloves)
Will    .....                   (no boots)
Stlth   ++........              (no amulet)
HPRegen 0.06/turn               (no ring)
MPRegen 0.09/turn               (no ring)

@: unable to hop, flying, invisible, slow
A: amphibious, slowness 1, strong legs 1, +LOS
a: Hop


You were on level 1 of the Dungeon.
You visited 1 branch of the dungeon, and saw 1 of its levels.

You collected 9 gold pieces.

Inventory:

Hand Weapons
 a - a +1 dagger (weapon)
Missiles
 f - 5 boomerangs
Armour
 b - a +0 robe (worn)


   Skills:
 + Level 0.5 Fighting
 - Level 1.1(1.2) Short Blades
 + Level 0.5(1.0) Long Blades
 + Level 2.2 Dodging
 + Level 2.7 Stealth
 + Level 2.2 Spellcasting
 + Level 3.3 Hexes
 + Level 0.1 Ice Magic


You had 5 spell levels left.
You didn't know any spells.
Your spell library contained the following spells:

 Spells                   Type           Power      Damage    Failure   Level
 Ensorcelled Hibernation  Hex/Ice        12%        N/A       19%         2
 Confusing Touch          Hex            10%        N/A       19%         3
 Tukima's Dance           Hex            10%        N/A       19%         3
 Dazzling Flash           Conj/Hex       10%        N/A       36%         3


Dungeon Overview and Level Annotations

Branches:
Dungeon (1/15)

Altars:


Innate Abilities, Weirdness & Mutations

You are amphibious.
You cover ground slowly.
You can hop short distances.
You have an extended range of vision and can be seen from far away.


Message History

You hit the frilled lizard.
You kill the frilled lizard!
The bat barely misses you. The endoplasm freezes you.
You are frozen.
You barely miss the endoplasm. The bat closely misses you.
The endoplasm hits you.
* * * LOW HITPOINT WARNING * * *
The bat hits you but does no damage. x2
You hit the bat.
The bat is moderately wounded.
The bat closely misses you. The endoplasm misses you. The bat hits you.
* * * LOW HITPOINT WARNING * * *
The bat hits you but does no damage.
Hop to where?
Press: ? - help, Dir - move target Boing!
Okay, then.
Okay, then.
You fade into invisibility!
The bat closely misses you.
You closely miss the bat. The bat hits you.
* * * LOW HITPOINT WARNING * * *
The bat misses you. The bat misses you.
You hit the bat.
The bat is heavily wounded.
The bat closely misses you.
You hit the bat.
You kill the bat!
You have reached level 2!
It was a potion of degeneration.
There was something very wrong with that liquid.
You feel weakened.
You feel dopey.
You feel clumsy.
It was a potion of flight.
You feel very buoyant.
You fly up into the air.
The endoplasm freezes you.
You die...

###### #....#
#############....######
............#....#....
##..................#
............#......#
#.......@.........#
#.......J†.#.†..#########
###........#............#
#..........#.###.......
#.........##.##........
#........##..##........
#.........#............
##..♣♣♣♣♣♣.#...#........
###..♣♣ ♣....#.........


You could see an endoplasm.

Vanquished Creatures
  2 bats (D:1)
  An endoplasm (D:1)
  A frilled lizard (D:1)
  A goblin (D:1)
  2 rats (D:1)
7 creatures vanquished.

Notes
Turn   | Place    | Note
-------+----------+-------------------------------------------
     0 | D:1      | thriggle the Barachi Enchanter began the quest for the Orb.
     0 | D:1      | Reached XP level 1. HP: 13/13 MP: 3/3
   160 | D:1      | Reached XP level 2. HP: 2/20 MP: 5/5
   161 | D:1      | Frozen to death by an endoplasm

Illustrated notes

Levels and vault maps discovered:
D:1:      minmay_arrival_semitransparent, layout_rooms, serial_shops,
          nicolae_shop_statue_plus, dilly_ecumenical_altar_fadedgnrine,
          serial_forest, infiniplex_forest_lined_ring,
          infiniplex_forest_zigzag_1, infiniplex_forest_clump_tiny,
          infiniplex_forest_fountain, infiniplex_forest_clump_diagonal,
          infiniplex_forest_lined_3

Action                   || total
-------------------------++-------
Melee: Dagger            ||    16
       Punch             ||     1
 Abil: Hop               ||     1
  Use: Potion            ||     3
 Stab: Sleeping          ||     1
Armor: Robe              ||     5
Dodge: Dodged            ||    17
